 Dungeon Crawl Stone Soup version 0.32-a0-696-g5fa0bccb63 (webtiles) character file.

Game seed: 15751973593162564434

577 qwarkbark the Chopper (level 7, 0/59 HPs)
             Began as a Mountain Dwarf Reaver on Mar 13, 2024.
             Slain by a quokka (3 damage)
             ... on level 5 of the Dungeon.
             The game lasted 00:10:33 (4375 turns).

qwarkbark the Chopper (Mountain Dwarf Reaver)       Turns: 4375, Time: 00:10:33

Health: 0/59       AC:  5    Str: 16    XL:     7   Next: 13%
Magic:  9/9        EV:  8    Int: 14    God:
Gold:   226        SH:  0    Dex:  8    Spells: 8/9 levels left

rFire   + . .        f - +0 battleaxe
rCold   + . .        (shield currently unavailable)
rNeg    . . .        i - +0 scale mail
rPois   +            (no helmet)
rElec   +            (no cloak)
rCorr   +            (no gloves)
SInv    .            (no boots)
Will    .....        (no amulet) Stlth
                     (no ring)
HPRegen 0.29/turn    (no ring)
MPRegen 0.11/turn

%: no passive effects
@: resistant, corroded
A: runic magic, artefact enchanting
a: no special abilities


You were on level 5 of the Dungeon.
You visited 1 branch of the dungeon, and saw 5 of its levels.

You collected 226 gold pieces.

Inventory:

Hand Weapons
 f - a +0 battleaxe (weapon)
 m - a +0 war axe
Missiles
 a - 3 poisoned darts (quivered)
 d - a throwing net
Armour
 b - a +0 leather armour
 i - a +0 scale mail (worn)
Jewellery
 l - a ring of ice
 p - a +6 ring of dexterity
 q - a +6 ring of strength
 t - a ring of willpower
Scrolls
 c - a scroll of teleportation {unknown}
 e - a scroll of acquirement {unknown}
 g - a scroll of identify {unknown}
 h - a scroll of immolation {unknown}
 k - 2 scrolls of blinking {unknown}
 n - a scroll of vulnerability {unknown}
 s - a scroll of amnesia {unknown}
Potions
 j - a potion of cancellation
 o - a potion of resistance
 r - a potion of mutation {unknown}


   Skills:
 + Level 4.0 Fighting
 + Level 6.8 Axes
 + Level 0.3 Throwing
 + Level 3.7 Armour
 + Level 2.2 Dodging
 + Level 0.3 Stealth
 + Level 1.9 Spellcasting
 + Level 3.1 Conjurations


You had 8 spell levels left.
You knew the following spells:

 Your Spells              Type           Power      Damage    Failure   Level
a - Kiss of Death         Conj/Necr      20%        2d7       17%         1

Your spell library contained the following spells:

 Spells                   Type           Power      Damage    Failure   Level
 Momentum Strike          Conj/Tloc      10%        3d8       26%         2
 Hailstorm                Conj/Ice       5%         3d5       45%         3
 Inner Flame              Hex/Fire       1%         N/A       69%         3
 Irradiate                Conj/Alch      2%         3d12      99%         5
 Ignition                 Fire           0%         3d3       100%        8


Dungeon Overview and Level Annotations

Branches:
Dungeon (5/15)
 Temple: D:4-7

Altars:
Dithmenos
Fedhas
Uskayaw
Vehumet
Yredelemnul

Shops:
D:4 [

Annotations:
D:3 3 runed translucent doors, Drangen's ghost, amateur CoBe


Innate Abilities, Weirdness & Mutations

Your spellcasting is much less encumbered by armour.
You can use scrolls of enchantment on lesser artefacts.


Message History

The quokka bites you but does no damage.
The jelly hits you but does no damage.
The orc wizard mumbles some strange words.
The orc wizard flickers and vanishes!
Deactivating autopickup; reactivate with Ctrl-A.
You feel protected. The quokka misses you. The jelly hits you.
The acid corrodes you!
You are splashed with acid.
You resist.
You hit the jelly.
You kill the jelly!
You miss the quokka.
The quokka bites you but does no damage.
The quokka bites you.
* * * LOW HITPOINT WARNING * * *
You barely miss the orc wizard. You closely miss something.
You closely miss the quokka. The quokka barely misses you.
The orc wizard gestures at you while chanting.
The puff of flame misses you. Something hits you but does no damage.
You closely miss the orc wizard. You closely miss something.
You hit the quokka. The quokka bites you.
* * * LOW HITPOINT WARNING * * *
The orc wizard casts a spell at you. The magic dart hits you!
* * * LOW HITPOINT WARNING * * *
You hear some strange, mumbled words.
A magic dart appears from out of thin air!
The magic dart hits you.
* * * LOW HITPOINT WARNING * * *
The quokka closely misses you.
The orc wizard hits you with a +0 war axe.
* * * LOW HITPOINT WARNING * * *
Something hits you.
* * * LOW HITPOINT WARNING * * *
Okay, then.
Okay, then.
Okay, then.
You barely miss the quokka.
The quokka is severely wounded.
You miss something. You barely miss the orc wizard. The quokka bites you.
You die...

..# [######.#
#)..# ..+
........# #...#
..# #######'###
#..s# ..#
..........#
#...# ..#
#####.....#
#......#
#.....###.#.####
#.....'.......
#.{...###.###..
###.r@.## #.#
.... #...o###
#.# s## #.#.##
#.. .
#..).......
#....o.....
#...........
...#.........
....#......o..
.... #.....(...


You could see an orc wizard and a quokka.

Vanquished Creatures
  Sigmund (D:5)
  A black bear (D:4)
  2 scorpions
  A jelly (D:5)
  A bombardier beetle (D:3)
  An iguana (D:5)
  4 adders
  A dart slug (D:1)
  2 ribbon worms
  2 orcs (D:4)
  6 endoplasms
  2 giant cockroaches (D:1)
  8 goblins
  10 hobgoblins
  A jackal (D:4)
  2 kobolds
  5 quokkas
  5 ball pythons
  6 bats
  A frilled lizard (D:3)
  6 rats (D:1)
68 creatures vanquished.

Notes
Turn   | Place    | Note
-------+----------+-------------------------------------------
     0 | D:1      | qwarkbark the Mountain Dwarf Reaver began the quest for the
                  | Orb.
     0 | D:1      | Reached XP level 1. HP: 17/17 MP: 3/3
    94 | D:1      | Reached XP level 2. HP: 21/24 MP: 4/4
   107 | D:1      | Reached skill level 4 in Axes
   566 | D:1      | Reached XP level 3. HP: 30/30 MP: 5/5
  1363 | D:2      | Reached skill level 1 in Armour
  1782 | D:3      | Reached XP level 4. HP: 30/37 MP: 6/6
  2179 | D:3      | Found a runed translucent gate.
  2179 | D:3      | Found a runed translucent gate.
  2179 | D:3      | Found a runed translucent gate.
  2179 | D:3      | Noticed a gnoll sergeant
  2180 | D:3      | Noticed Drangen's ghost (amateur CoBe)
  2254 | D:3      | Found a blossoming altar of Fedhas.
  2256 | D:3      | Found a radiant altar of Vehumet.
  2256 | D:3      | Found a basalt altar of Yredelemnul.
  2257 | D:3      | Found a shadowy altar of Dithmenos.
  2835 | D:4      | Found a hide-covered altar of Uskayaw.
  2836 | D:4      | Noticed a scorpion
  2839 | D:4      | Noticed a black bear
  2866 | D:4      | Killed a scorpion
  2867 | D:4      | Reached skill level 5 in Axes
  2867 | D:4      | Reached XP level 5. HP: 5/45 MP: 7/7
  3097 | D:4      | Killed a black bear
  3098 | D:4      | Reached XP level 6. HP: 22/51 MP: 8/8
  3325 | D:4      | Found Nuserph's Antique Armour Emporium.
  3945 | D:5      | Entered Level 5 of the Dungeon
  4067 | D:5      | Noticed Sigmund
  4083 | D:5      | Killed Sigmund
  4084 | D:5      | Reached skill level 6 in Axes
  4189 | D:5      | Reached XP level 7. HP: 32/59 MP: 9/9
  4374 | D:5      | HP: 2/59 [something (1)]
  4375 | D:5      | Slain by a quokka

Illustrated notes

Levels and vault maps discovered:
D:1:      minmay_arrival_three_doors, layout_basic, minmay_indecisive_spiral
D:2:      layout_basic
D:3:      layout_loops_corners, chequers_temple_overflow_statue_of_worship,
          gammafunk_ghost_split
D:4:      kennysheep_big_flooded_room, layout_basic,
          nicolae_uskayaw_murder_on_the_dancefloor, serial_shops, shop
D:5:      layout_basic, serial_shops, nicolae_shop_crystal, uniq_sigmund,
          uniq_edmund

Skill      XL: |  1  2  3  4  5  6 |
---------------+-------------------+-----
Conjurations   | 3 |  3.1
Axes           | 4 5 6 |  6.8
Armour         | 1 2 3 |  3.7
Fighting       | 3 4 |  4.0
Dodging        | 2 |  2.2
Throwing       | |  0.3
Stealth        | |  0.3
Spellcasting   | |  1.9

Action                     |  1- 3 |  4- 6 |  7- 9 || total
---------------------------+-------+-------+-------++-------
  Melee: Hand axe          |    75 |       |       ||    75
         Battleaxe         |    26 |   125 |     9 ||   160
  Throw: Dart              |       |     3 |     2 ||     5
    Use: Potion            |       |     7 |     1 ||     8
 Armour: Leather armour    |    55 |       |       ||    55
         Scale mail        |    12 |   116 |    18 ||   146
         Skin              |       |     5 |       ||     5
  Dodge: Dodged            |    60 |    77 |     7 ||   144

Table legend: (Time is in decaauts)
 A = Elapsed time spent in this place.
 B = Non-inter-level travel time spent in this place.
 C = Inter-level travel time spent in this place.
 D = Time resting spent in this place.
 E = Time spent auto-exploring this place.
 F = Levels seen in this place.
 G = Mean time per level.
                   A        B        C        D        E       F      G
               +--------+--------+--------+--------+--------+-----+--------+
         Total |   4435 |   4296 |    139 |    421 |   3095 |   5 |  887.0 |
       Dungeon |   4435 |   4296 |    139 |    421 |   3095 |   5 |  887.0 |
               +--------+--------+--------+--------+--------+-----+--------+

Top non-repeatable levels by time:
     D:4: 1157 daAuts
     D:3: 1074 daAuts
     D:1: 983 daAuts
     D:2: 777 daAuts
     D:5: 442 daAuts
